 Seeded DCSS version 0.30.1-4-g462c640d31 (webtiles) character file.

Game seed: 16653573533833982129 (custom seed)

31 Psyclone the Stinger (level 3, 31/31 HPs)
             Began as an Octopode Venom Mage on Sept 18, 2023.
             Quit the game on level 1 of the Dungeon.
             The game lasted 00:05:04 (1014 turns).

Psyclone the Stinger (Octopode Venom Mage)          Turns: 1014, Time: 00:05:05

Health: 31/31      AC:  1    Str:  7    XL:     3   Next: 22%
Magic:  6/6        EV: 13    Int: 19    God:
Gold:   61         SH:  0    Dex: 12    Spells: 3/6 levels left

rFire   . . .        g - +0 dagger
rCold   . . .        (no shield)
rNeg    . . .        (helmet restricted)
rPois   .            (no amulet)
rElec   .            (no ring)
rCorr   .            (no ring)
SInv    .            (no ring)
Will    .....        (no ring) Stlth
                     (no ring)
HPRegen 0.25/turn    (no ring)
MPRegen 0.10/turn    (no ring)
                     (no ring)

%: no passive effects
@: berserking, very quick
A: almost no armour, amphibious, 8 rings, camouflage 1, gelatinous body 1,
(nimble swimmer 1), tentacles
a: no special abilities


You were on level 1 of the Dungeon.
You visited 1 branch of the dungeon, and saw 1 of its levels.

You collected 61 gold pieces.

Inventory:

Hand Weapons
 g - a +0 dagger (weapon)
Jewellery
 h - a +6 ring of intelligence
 i - an amulet of the acrobat
Scrolls
 b - a scroll of amnesia
 c - a scroll of butterflies {unknown}
 f - a scroll of identify {@r1}
 j - a scroll of magic mapping
 k - a scroll of acquirement
Potions
 a - a potion of magic
 d - a potion of ambrosia {unknown}
 e - a potion of attraction {unknown}
 l - a potion of might


   Skills:
 - Level 2.0 Dodging
 - Level 2.6 Stealth
 - Level 2.0 Spellcasting
 - Level 1.0 Transmutations
 + Level 5.1 Poison Magic


You had 3 spell levels left.
You knew the following spells:

 Your Spells              Type           Power      Damage    Failure   Level
a - Poisonous Vapours     Pois/Air       22%        N/A       9%          2
v - Sting                 Tmut/Pois      52%        1d5       4%          1

Your spell library contained the following spells:

 Spells                   Type           Power      Damage    Failure   Level
 Mephitic Cloud           Conj/Pois/Air  8%         N/A       26%         3
 Olgreb's Toxic Radiance  Pois           21%        N/A       21%         4


Dungeon Overview and Level Annotations

Branches:
Dungeon (1/15) Zot: 4986

Altars:


Innate Abilities, Weirdness & Mutations

You cannot wear most types of armour.
You are amphibious.
You can wear up to eight rings at the same time.
Your skin changes colour to match your surroundings (Stealth+).
Your rubbery body absorbs attacks. (AC +1, EV +1)
((You are camouflaged when in or above water. (Stealth+)))
You have tentacles for arms and can constrict up to eight enemies at once.


Message History

An endoplasm is nearby!
You are too injured to fight recklessly!
An endoplasm is nearby!
You are too injured to fight recklessly!
An endoplasm is nearby!
You are too injured to fight recklessly!
An endoplasm is nearby!
You are too injured to fight recklessly!
An endoplasm is nearby!
You are too injured to fight recklessly!
An endoplasm is nearby!
You are too injured to fight recklessly!
An endoplasm is nearby!
An endoplasm is nearby!
You are too injured to fight recklessly!
An endoplasm is nearby!
You are too injured to fight recklessly!
An endoplasm is nearby!
You are too injured to fight recklessly!
You are too injured to fight recklessly!
You are too injured to fight recklessly!
You are too injured to fight recklessly!
You are too injured to fight recklessly!
You are too injured to fight recklessly!
You hit the endoplasm. You squeeze the endoplasm.
You kill the endoplasm!
You see here a +0 dagger.
You see here a staff of death.
Health restored: 21 You now have 61 gold pieces (gained 12).
Done exploring.
Done exploring.
As you read the scroll of identify {@r1}, it crumbles to dust.
l - a potion of might It was a potion of curing.
You feel better.
It was a potion of berserk rage.
A red film seems to cover your vision as you go berserk!
You feel yourself moving faster!
You feel mighty!
You now have 31/31 hp.
Are you sure you want to abandon this character and quit the game? (Confirm with "yes".)

...............#######.#######
..#####...#.#...## #.......#
.................# #.#####.#
.######...#......# #.# #.# .#
##.##.#..#.# #.# #.# .#
#.##....#.# #.# #.# .#
#.###.#.#.# #.# #.# .# ####.#
#.#.#.### #.# #.# .# #....#
#.#..@..###.# #.# .# #.####
#...........# #.# .# #.#
#..#.##..########.## .# #.#
#..#.##............# ## #.#
#..#.###.########..# #.#
#..#.###.########..# #.#
#..#.##.......>....# #.#
#..#.##..########†##
#####.######........# #.#


There were no monsters in sight!

Vanquished Creatures
  4 endoplasms (D:1)
  2 hobgoblins (D:1)
  8 jackals (D:1)
  A quokka (D:1)
  3 ball pythons (D:1)
  A bat (D:1)
  4 frilled lizards (D:1)
  2 goblins (D:1)
  A kobold (D:1)
  3 rats (D:1)
29 creatures vanquished.

Notes
Turn   | Place    | Note
-------+----------+-------------------------------------------
     0 | D:1      | Psyclone the Octopode Venom Mage began the quest for the
                  | Orb.
     0 | D:1      | Reached XP level 1. HP: 11/11 MP: 3/3
    97 | D:1      | Reached skill level 4 in Poison Magic
   101 | D:1      | Reached XP level 2. HP: 12/17 MP: 1/5
   105 | D:1      | Learned a level 2 spell: Poisonous Vapours
   498 | D:1      | Reached XP level 3. HP: 21/21 MP: 3/6
   554 | D:1      | Identified a scroll of acquirement
   580 | D:1      | Reached skill level 5 in Poison Magic
  1014 | D:1      | Quit the game

Illustrated notes

Levels and vault maps discovered:
D:1:      dpeg_arrival_tiny_k, layout_loops_ring, minmay_hexomino_c4

Skill      XL: |  1  2  3 |
---------------+----------+-----
Poison Magic   | 4 5 |  5.1
Dodging        | |  2.0
Stealth        | |  2.6
Spellcasting   | |  2.0
Transmutations | |  1.0

Action                     || total
---------------------------++-------
  Melee: Unarmed           ||    27
         Tentacles         ||    17
         Constrict         ||    13
         Dagger            ||    37
   Cast: Sting             ||     4
         Poisonous Vapours ||     9
    Use: Scroll            ||     4
         Potion            ||     2
   Stab: Sleeping          ||     4
 Armour: Skin              ||     3
  Dodge: Dodged            ||    56
